 Dungeon Crawl Stone Soup version 0.26-a0-670-g578ab304f5 (webtiles) character file.

Game seed: 14802029800404581688

(classic levelgen) 171 EnegeticOcto the Digger (level 5, -2/31 HPs)
             Began as a Halfling Earth Elementalist on Oct 19, 2020.
             Slain by a worker ant (5 damage)
             ... on level 4 of the Dungeon.
             The game lasted 00:05:00 (607 turns).

EnegeticOcto the Digger (HaEE)                       Turns: 607, Time: 00:05:00

Health: -2/31      AC:  2    Str:  9    XL:     5   Next: 81%
Magic:  0/7        EV: 15    Int: 14    God:
Gold:   66         SH:  0    Dex: 15    Spells: 4/7 levels left

rFire    . . .     SeeInvis .   g - +0 hunting sling
rCold    . . .     Faith    .   (shield restricted)
rNeg     . . .     Spirit   .   c - +0 robe
rPois    .         Reflect  .   (no helmet)
rElec    .         Harm     .   (no cloak)
rCorr    .         Rampage  .   (no gloves)
MR       .....                  (no boots)
Stlth    ++........             (no amulet)
HPRegen  0.10/turn              (no ring)
MPRegen  0.10/turn              (no ring)

@: lethally poisoned (-2 -> -9)
A: small, mutation resistance 1
a: no special abilities


You were on level 4 of the Dungeon.
You visited 1 branch of the dungeon, and saw 4 of its levels.

You collected 66 gold pieces.

Inventory:

Hand Weapons
 e - a +0 whip
 g - a +0 hunting sling (weapon)
 l - a +1 mace of holy wrath
Missiles
 b - 43 stones (quivered)
 m - 5 poisoned darts
Armour
 c - a +0 robe (worn)
Scrolls
 d - a scroll of remove curse {unknown}
 f - a scroll of random uselessness {unknown}
 h - 3 scrolls of identify {unknown}
 i - a scroll of fog {unknown}
 j - a scroll of fear {unknown}
 n - a scroll of amnesia {unknown}
 o - a scroll of enchant weapon {unknown}
Potions
 a - a potion of ambrosia


   Skills:
 + Level 4.5 Slings
 - Level 2.1 Dodging
 - Level 2.1 Stealth
 - Level 1.5 Spellcasting
 - Level 0.5 Transmutations
 + Level 5.0 Earth Magic


You had 4 spell levels left.
You knew the following spells:

 Your Spells              Type           Power        Failure   Level
a - Sandblast             Erth           ###...       3%          1
p - Passwall              Tmut/Erth      #.......     12%         2

Your spell library contained the following spells:

 Spells                   Type           Power        Failure   Level
 Stone Arrow              Conj/Erth      #.....       26%         3
 Petrify                  Tmut/Erth      #.......     63%         4
 Lee's Rapid Deconstruct  Erth           ###.......   65%         5


Dungeon Overview and Level Annotations

Branches:
Dungeon (4/15)
 Temple: D:4-7

Altars:


Innate Abilities, Weirdness & Mutations

You are small and have problems with some larger weapons.
You are somewhat resistant to further mutation.


Message History

Confirm with . or Enter, or press ? or * to list all spells.
Aiming: Sandblast (safe; 3% risk of failure)
Press: ? - help, Shift-Dir - straight line, f/p - hound
Aim: a hound The blast of sand hits the hound!
The hound is heavily wounded.
b - 53 stones The hound bites you.
Casting: Sandblast (safe; 3% risk of failure)
Confirm with . or Enter, or press ? or * to list all spells.
Aiming: Sandblast (safe; 3% risk of failure)
Press: ? - help, Shift-Dir - straight line, f/p - hound
Aim: a hound (heavily wounded)
The blast of sand hits the hound.
The hound is severely wounded.
b - 52 stones The hound bites you.
A frilled lizard comes into view.
The hound completely misses you.
Casting: Sandblast (safe; 3% risk of failure)
Confirm with . or Enter, or press ? or * to list all spells.
Aiming: Sandblast (safe; 3% risk of failure)
Press: ? - help, Shift-Dir - straight line, f/p - hound
Aim: a hound (severely wounded)
The blast of sand hits the hound!
You kill the hound!
Your Earth Magic skill increases to level 5!
b - 51 stones The frilled lizard hisses angrily.
Casting: Sandblast (safe; 3% risk of failure)
Confirm with . or Enter, or press ? or * to list all spells.
Aiming: Sandblast (safe; 3% risk of failure)
Press: ? - help, Shift-Dir - straight line, f - frilled lizard
Aim: a frilled lizard The blast of sand hits the frilled lizard.
You kill the frilled lizard!
b - 50 stones
m - 5 poisoned darts (gained 1)
A worker ant comes into view.
You see here a poisoned dart.
Casting: Sandblast (safe; 3% risk of failure)
Confirm with . or Enter, or press ? or * to list all spells.
Aiming: Sandblast (safe; 3% risk of failure)
Press: ? - help, Shift-Dir - straight line, f - worker ant
Aim: a worker ant The blast of sand hits the worker ant but does no damage.
b - 49 stones
Casting: Sandblast (safe; 3% risk of failure)
Confirm with . or Enter, or press ? or * to list all spells.
Aiming: Sandblast (safe; 3% risk of failure)
Press: ? - help, Shift-Dir - straight line, f/p - worker ant
Aim: a worker ant The blast of sand hits the worker ant!
The worker ant is heavily wounded.
b - 48 stones The worker ant misses you.
Casting: Sandblast (safe; 3% risk of failure)
Confirm with . or Enter, or press ? or * to list all spells.
Aiming: Sandblast (safe; 3% risk of failure)
Press: ? - help, Shift-Dir - straight line, f/p - worker ant
Aim: a worker ant (heavily wounded)
The blast of sand hits the worker ant but does no damage.
The worker ant is heavily wounded.
b - 47 stones The worker ant bites you!
* * * LOW HITPOINT WARNING * * *
The worker ant barely misses you.
It was a potion of curing.
You feel better.
The worker ant bites you but does no damage.
Firing (i - inventory. (/) - cycle)
b - 47 stones (quivered)
Press: ? - help, Shift-Dir - straight line, f/p - worker ant
Aim: a worker ant (heavily wounded)
You shoot a stone. The stone hits the worker ant.
The worker ant is almost dead.
The worker ant barely misses you.
Firing (i - inventory. (/) - cycle)
b - 46 stones (quivered)
Press: ? - help, Shift-Dir - straight line, f/p - worker ant
Aim: a worker ant (almost dead)
You shoot a stone.
The stone completely misses the worker ant.
The worker ant bites you.
* * * LOW HITPOINT WARNING * * *
You are lethally poisoned!
The worker ant poisons you!
Firing (i - inventory. (/) - cycle)
b - 45 stones (quivered)
Press: ? - help, Shift-Dir - straight line, f/p - worker ant
Aim: a worker ant (almost dead)
You shoot a stone.
The stone closely misses the worker ant.
* * * LOW HITPOINT WARNING * * *
You feel sick. The worker ant barely misses you.
Firing (i - inventory. (/) - cycle)
b - 44 stones (quivered)
Press: ? - help, Shift-Dir - straight line, f/p - worker ant
Aim: a worker ant (almost dead)
You shoot a stone.
The stone hits the worker ant but does no damage.
The worker ant is almost dead.
* * * LOW HITPOINT WARNING * * *
You feel sick. The worker ant bites you.
You die...

#........####......###
#######...####.##...........
.........†....[.............
...................)........
......................(..#..
#####.#........##.##....##..
#.......#####.##.#..####
#..###..# #.......# ...#
#.@# ####.#### .... #B.# ...
... #...# #.. (..>.. #.
..(#### #..# #... ..#


You could see a worker ant.

Vanquished Creatures
  A scorpion (D:4)
  A hound (D:4)
  An orc wizard (D:3)
  A worker ant (D:4)
  A worm (D:4)
  2 dart slugs
  3 orcs (D:3)
  6 giant cockroaches
  2 hobgoblins (D:1)
  4 jackals (D:3)
  A bat (D:1)
  5 frilled lizards
  2 kobolds
  A quokka skeleton (D:4)
  A rat (D:1)
32 creatures vanquished.

Notes
Turn   | Place    | Note
-------+----------+-------------------------------------------
     0 | D:1      | EnegeticOcto the Halfling Earth Elementalist began the
                  | quest for the Orb.
     0 | D:1      | Reached XP level 1. HP: 11/11 MP: 3/3
    81 | D:1      | Reached XP level 2. HP: 5/17 MP: 0/4
    93 | D:1      | Learned a level 2 spell: Passwall
   366 | D:3      | Reached skill level 1 in Slings
   371 | D:3      | Reached XP level 3. HP: 11/21 MP: 3/5
   423 | D:3      | Reached skill level 2 in Slings
   423 | D:3      | Reached skill level 4 in Earth Magic
   423 | D:3      | Reached XP level 4. HP: 16/27 MP: 1/6
   432 | D:3      | Noticed a sky beast
   493 | D:4      | Reached skill level 3 in Slings
   551 | D:4      | Reached skill level 4 in Slings
   551 | D:4      | Reached XP level 5. HP: 15/31 MP: 7/7
   594 | D:4      | Reached skill level 5 in Earth Magic
   607 | D:4      | Slain by a worker ant

Illustrated notes

Levels and vault maps discovered:
D:1:      ebering_trefoil_3fold, layout_basic, kennysheep_another_room
D:2:      layout_basic, grunt_temple_overflow_opulence
D:3:      layout_rooms, uniq_jessica
D:4:      layout_loops_cross, old_standard_altar,
          minmay_temple_entry_sparse_star, minmay_bisected, uniq_eustachio,
          uniq_duvessa

Skill      XL: |  1  2  3  4  5 |
---------------+----------------+-----
Slings         | 1 2 4 |  4.5
Earth Magic    | 4 5 |  5.0
Dodging        | |  2.1
Stealth        | |  2.1
Spellcasting   | |  1.5
Transmutations | |  0.5

Action                   |  1- 3 |  4- 6 || total
-------------------------+-------+-------++-------
Melee: Unarmed           |    15 |       ||    15
 Fire: Hunting sling     |    26 |    26 ||    52
Throw: Dart              |       |     7 ||     7
 Cast: Sandblast         |    27 |    11 ||    38
  Use: Potion            |     1 |     1 ||     2
Armor: Robe              |     6 |     1 ||     7
Dodge: Dodged            |    33 |    14 ||    47

Table legend: (Time is in decaauts)
 A = Elapsed time spent in this place.
 B = Non-inter-level travel time spent in this place.
 C = Inter-level travel time spent in this place.
 D = Time resting spent in this place.
 E = Time spent auto-exploring this place.
 F = Levels seen in this place.
 G = Mean time per level.
                   A        B        C        D        E       F      G
               +--------+--------+--------+--------+--------+-----+--------+
         Total |    609 |    597 |     12 |      0 |      0 |   4 |  152.2 |
       Dungeon |    609 |    597 |     12 |      0 |      0 |   4 |  152.2 |
               +--------+--------+--------+--------+--------+-----+--------+

Top non-repeatable levels by time:
     D:1: 233 daAuts
     D:3: 188 daAuts
     D:4: 121 daAuts
     D:2: 66 daAuts
